 Dungeon Crawl Stone Soup version 0.24.0-2-g5b39cebb1c (webtiles) character file.

Game seed: 1660331439997233623, levelgen mode: deterministic

1 ventricule the Vexing (level 1, 0/12 HPs)
             Began as a Kobold Arcane Marksman on Oct 29, 2019.
             Slain by a hobgoblin (3 damage)
             ... on level 1 of the Dungeon.
             The game lasted 00:00:53 (35 turns).

ventricule the Vexing (Kobold Arcane Marksman)        Turns: 35, Time: 00:00:53

Health: 0/12       AC:  2    Str:  7    XL:     1   Next: 22%
Magic:  2/2        EV: 15    Int: 14    God:
Gold:   14         SH:  0    Dex: 15    Spells: 1/2 levels left

rFire    . . .     SeeInvis .   a - +0 hand crossbow
rCold    . . .     Gourm    .   (shield restricted)
rNeg     . . .     Faith    .   f - +0 robe
rPois    .         Spirit   .   (no helmet)
rElec    .         Reflect  .   (no cloak)
rCorr    .         Harm     .   (no gloves)
MR       .....                  (no boots)
Stlth    +.........             (no amulet)
HPRegen  0.04/turn              (no ring)
MPRegen  0.08/turn              (no ring)

@: no status effects
A: small, carnivore
a: no special abilities


You were on level 1 of the Dungeon.
You were not hungry.

You visited 1 branch of the dungeon, and saw 1 of its levels.

You collected 14 gold pieces.

Inventory:

Hand Weapons
 a - a +0 hand crossbow (weapon)
Missiles
 c - 17 bolts (quivered)
 Q - 18 stones
Armour
 f - a +0 robe (worn)
Scrolls
 b - a scroll of identify {unknown}
Comestibles
 e - a ration


   Skills:
 - Level 1.1 Fighting
 + Level 2.6 Crossbows
 - Level 2.4 Dodging
 - Level 1.1 Spellcasting
 - Level 3.0 Hexes


You had one spell level left.
You knew the following spells:

 Your Spells              Type           Power        Failure   Level  Hunger
v - Corona                Hex            #......      8%          1    ##.....

Your spell library contained the following spells:

 Spells                   Type           Power        Failure   Level  Hunger
 Slow                     Hex            #.......     12%         2    ###....
 Inner Flame              Hex/Fire       #.......     38%         3    ####...
 Portal Projectile        Hex/Tloc       #.....       38%         3    ####...
 Cause Fear               Hex            #.........   58%         4    #####..
 Leda's Liquefaction      Hex/Erth       #.........   80%         4    #####..


Dungeon Overview and Level Annotations

Branches:
Dungeon (1/15)

Altars:


Innate Abilities, Weirdness & Mutations

You are small and have problems with some larger weapons.
You are carnivorous and can eat meat at any time.


Message History

You shoot a bolt. The bolt hits the goblin!
You kill the goblin!
Firing (i - inventory. (/) - cycle)
c - 19 bolts (quivered)
Aim: a hobgoblin (resting)
You shoot a bolt.
The bolt hits the hobgoblin but does no damage.
The hobgoblin shouts!
You are now empty-handed.
The hobgoblin closely misses you.
You hit the hobgoblin but do no damage. The hobgoblin closely misses you.
You barely miss the hobgoblin. The hobgoblin hits you.
* * * LOW HITPOINT WARNING * * *
You take 5 damage, and have 7/12 hp.
MASSIVE DAMAGE!!
a - a +0 hand crossbow (weapon)
Firing (i - inventory. (/) - cycle)
c - 18 bolts (quivered)
Aim: a hobgoblin You shoot a bolt.
The bolt hits the hobgoblin.
The hobgoblin hits you.
* * * LOW HITPOINT WARNING * * *
The hobgoblin hits you.
You die...

#... # ## #... ..
...### #...
..........## .(#
⌠...⌠......# ..(
.......⌠...## #.#
..≈.........# #g#
........⌠...####@#
.....≈........##.#
........⌠...#....#
..≈.........####.......
.......⌠...## #..#####
⌠...⌠......# #!.#
..........## #..#
.......#### #..#
######## #..#


You could see a hobgoblin.

Levels and vault maps discovered:
D:1:      dpeg_arrival_stone_temple_mockup, layout_basic, minmay_cupped

Notes
Turn   | Place    | Note
-------+----------+-------------------------------------------
     0 | D:1      | ventricule the Kobold Arcane Marksman began the quest for
                  | the Orb.
     0 | D:1      | Reached XP level 1. HP: 12/12 MP: 2/2
    34 | D:1      | Identified a +0 hand crossbow
    35 | D:1      | HP: 3/12 [hobgoblin (4)]
    35 | D:1      | Slain by a hobgoblin

Table legend:
 A = Turns spent in this place as a percentage of turns spent in the entire game.
 B = Non-inter-level travel turns spent in this place as a percentage of non-inter-level travel turns spent in the entire game.
 C = Inter-level travel turns spent in this place as a percentage of turns spent in this place.
 D = Turns resting spent in this place as a percentage of non-inter-level travel turns spent in this place.
 E = Turns spent auto-exploring this place as a percentage of non-inter-level travel turns spent in this place.
 F = Non-inter-level travel turns spent in this place divided by the number of levels of this place that you've seen.
                   A       B       C       D       E      F
               +-------+-------+-------+-------+-------+----------------------
         Total | 100.0 | 100.0 |   0.0 |   0.0 |  71.4 |  35.0
       Dungeon | 100.0 | 100.0 |   0.0 |   0.0 |  71.4 |  35.0
               +-------+-------+-------+-------+-------+----------------------

Table legend:
 A = Kills in this place as a percentage of kills in entire the game.
 B = Kills by you in this place as a percentage of kills by you in the entire game.
 C = Kills by friends in this place as a percentage of kills by friends in the entire game.
 D = Other kills in this place as a percentage of other kills in the entire game.
 E = Experience gained in this place as a percentage of experience gained in the entire game.
 F = Experience gained in this place divided by the number of levels of this place that you have seen.
                   A       B       C       D       E      F
               +-------+-------+-------+-------+-------+----------------------
         Total | 100.0 | 100.0 |   N/A |   N/A | 100.0 |   2.0
       Dungeon | 100.0 | 100.0 |   N/A |   N/A | 100.0 |   2.0
               +-------+-------+-------+-------+-------+----------------------

Action                   || total
-------------------------++-------
Melee: Unarmed           ||     2
 Fire: Hand crossbow     ||     3
Dodge: Dodged            ||     2

Vanquished Creatures
  A goblin (D:1)
1 creature vanquished.
